 Dungeon Crawl Stone Soup version 0.28.0-53-g5a82cb258f (webtiles) character file.

Game seed: 1246882334968661286

285 Ijustatesigmund the Stinger (level 6, -3/37 HPs)
             Began as an Octopode Venom Mage on July 19, 2022.
             Slain by a gnoll
             ... wielding a +1 vorpal halberd
              (9 damage)
             ... on level 3 of the Dungeon.
             The game lasted 00:07:17 (4356 turns).

Ijustatesigmund the Stinger (Octopode Venom Mage)   Turns: 4356, Time: 00:07:18

Health: -3/37      AC:  1    Str:  8    XL:     6   Next: 29%
Magic:  2/9        EV: 13    Int: 19    God:
Gold:   160        SH:  3    Dex: 12    Spells: 2/9 levels left

rFire   . . .      SeeInvis .   b - +8 woodcutter's axe {vorpal}
rCold   . . .      Faith    .   d - +0 buckler
rNeg    . . .      Spirit   .   (helmet restricted)
rPois   .          Reflect  .   (no amulet)
rElec   .          Harm     .   h - ring of willpower
rCorr   .          Rampage  .   (no ring)
Will    +....                   (no ring)
Stlth   +++.......              (no ring)
HPRegen 0.12/turn               (no ring)
MPRegen 0.11/turn               (no ring)
                                (no ring)
                                (no ring)

@: very slightly contaminated
A: almost no armour, amphibious, 8 rings, camouflage 1, gelatinous body 1,
(nimble swimmer 1), tentacles
a: no special abilities


You were on level 3 of the Dungeon.
You visited 1 branch of the dungeon, and saw 3 of its levels.

You collected 160 gold pieces.

Inventory:

Hand Weapons
 b - the +8 woodcutter's axe (weapon) {vorpal}
   (You took it off a gnoll on level 2 of the Dungeon)

   It inflicts extra damage upon your enemies.
Missiles
 f - 97 stones
Armour
 d - a +0 buckler (worn)
Jewellery
 h - a ring of willpower (left tentacle)
 i - a ring of willpower
Wands
 j - a wand of flame (18)
Scrolls
 a - a scroll of teleportation
 g - 3 scrolls of immolation
 l - a scroll of identify
Potions
 c - a potion of haste
 e - 2 potions of brilliance
 k - a potion of attraction {unknown}


   Skills:
 + Level 0.9 Fighting
 + Level 0.7 Axes
 + Level 2.3 Dodging
 - Level 2.6 Stealth
 + Level 0.1 Shields
 + Level 2.2 Spellcasting
 + Level 1.0 Conjurations
 + Level 2.3 Transmutations
 + Level 2.9 Air Magic
 + Level 2.7 Earth Magic
 + Level 4.3 Poison Magic


You had 2 spell levels left.
You knew the following spells:

 Your Spells              Type           Power      Damage    Failure   Level
a - Sting                 Tmut/Pois      56%        1d5       5%          1
b - Poisonous Vapours     Pois/Air       32%        N/A       8%          2
c - Sandblast             Erth           24%        2d8       8%          1
d - Mephitic Cloud        Conj/Pois/Air  12%        N/A       22%         3

Your spell library contained the following spells:

 Spells                   Type           Power      Damage    Failure   Level
 Summon Small Mammal      Summ           8%         N/A       22%         1
 Olgreb's Toxic Radiance  Pois           18%        N/A       36%         4
 Call Canine Familiar     Summ           2%         N/A       56%         3
 Summon Guardian Golem    Hex/Summ       2%         N/A       56%         3


Dungeon Overview and Level Annotations

Branches:
Dungeon (3/15)

Altars:

Shops:
D:1 [


Innate Abilities, Weirdness & Mutations

You cannot wear most types of armour.
You are amphibious.
You can wear up to eight rings at the same time.
Your skin changes colour to match your surroundings (Stealth+).
Your rubbery body absorbs attacks. (AC +1, EV +1)
((You are camouflaged when in or above water. (Stealth+)))
You have tentacles for arms and can constrict up to eight enemies at once.


Message History

The spell is quite dangerous to miscast (22% risk of failure)!
Continue anyway?
Aiming: Mephitic Cloud (quite dangerous; 22% risk of failure)
Press: ? - help, Shift-Dir - straight line, f/p - gnoll
Aim: a gnoll, wielding a +0 spear (chance to affect: 91%)
The ball explodes into a vile cloud!
The stinking cloud engulfs the gnoll but does no damage.
You hear a shout! x2
The gnoll is engulfed in noxious fumes.
The gnoll appears confused.
The gnoll hits itself with a +0 spear.
A gnoll comes into view. It is wielding a +1 vorpal halberd.
The gnoll is engulfed in noxious fumes.
The gnoll appears confused.
You block the gnoll's attack.
The gnoll hits you from afar with a +1 vorpal halberd!
You barely miss the gnoll. Your grab misses the gnoll.
The gnoll is heavily wounded.
The gnoll is engulfed in noxious fumes.
The gnoll appears confused.
The gnoll closely misses you.
The gnoll hits itself with a +0 spear.
The gnoll barely misses you.
You barely miss the gnoll. You grab the gnoll.
The gnoll is severely wounded.
You constrict the gnoll. The gnoll closely misses you.
You hit the gnoll.
You kill the gnoll!
The gnoll looks more healthy.
You block the gnoll's attack.
Your Conjurations skill increases to level 1!
You slash the gnoll!
You kill the gnoll!
The gnoll closely misses you.
You slash the gnoll!
You kill the gnoll!
You block the gnoll's attack.
The gnoll hits you with a +1 vorpal halberd!
* * * LOW HITPOINT WARNING * * *
x2
Items here: ))) †.
You are too injured to fight recklessly!
You are too injured to fight recklessly!
You slash the gnoll! Your grab misses the gnoll.
The gnoll is severely wounded.
The gnoll hits you with a +1 vorpal halberd!
You die...

########
#........##
##.........#######
#................#
#...##.#...#####@#
#...##.#...#
#g...#
#..........#
#.....#
#........#.#
#....##
###.#.####.#
#...... #.#.####.#
###.####
#........# .#
###.###### ##+##
#.# ##...##


You could see a gnoll.

Vanquished Creatures
  A gnoll sergeant (D:2)
  Jessica (D:2)
  Terence (D:3)
  10 gnolls
  4 adders
  A worm (D:2)
  A dart slug (D:1)
  3 bats
  An endoplasm (D:1)
  3 giant cockroaches
  2 goblins
  3 hobgoblins (D:1)
  A jackal (D:1)
  5 ball pythons
  3 frilled lizards
  4 kobolds
  5 rats
49 creatures vanquished.

Notes
Turn   | Place    | Note
-------+----------+-------------------------------------------
     0 | D:1      | Ijustatesigmund the Octopode Venom Mage began the quest for
                  | the Orb.
     0 | D:1      | Reached XP level 1. HP: 11/11 MP: 3/3
   322 | D:1      | Reached XP level 2. HP: 17/17 MP: 1/5
   325 | D:1      | Learned a level 2 spell: Poisonous Vapours
   544 | D:1      | Found Ytzur's Antique Armour Shop.
   548 | D:1      | Reached skill level 4 in Poison Magic
   874 | D:1      | Found a faded altar of an unknown god.
   882 | D:1      | Got Plato's Almanac of Stones
   885 | D:1      | Learned a level 1 spell: Sandblast
  1517 | D:2      | Noticed Jessica
  1521 | D:2      | Killed Jessica
  1522 | D:2      | Reached skill level 1 in Air Magic
  1522 | D:2      | Reached skill level 1 in Earth Magic
  1522 | D:2      | Reached XP level 3. HP: 21/21 MP: 0/6
  1640 | D:2      | Reached XP level 4. HP: 27/27 MP: 1/7
  2014 | D:2      | Noticed Terence
  2177 | D:3      | Killed Terence
  2495 | D:2      | Reached XP level 5. HP: 31/31 MP: 3/8
  2499 | D:2      | Learned a level 3 spell: Mephitic Cloud
  3325 | D:2      | Reached XP level 6. HP: 7/37 MP: 4/9
  4353 | D:3      | Reached skill level 1 in Conjurations
  4356 | D:3      | Slain by a gnoll

Illustrated notes

Levels and vault maps discovered:
D:1:      dpeg_arrival_rooms_with_view, layout_loops_cross, serial_shops, shop,
          shapermc_ecumenical_altar_rom_forum
D:2:      layout_basic, serial_curves, eino_curves_02, eino_curves_02,
          eino_curves_04, pf_guarded_unrand_woodcutter, uniq_terence,
          uniq_jessica
D:3:      layout_loops_corners, ebering_dispersal_statue_hall

Skill      XL: |  1  2  3  4  5  6 |
---------------+-------------------+-----
Poison Magic   | 4 |  4.3
Transmutations | 2 |  2.3
Air Magic      | 1 2 |  2.9
Earth Magic    | 1 2 |  2.7
Conjurations   | 1 |  1.0
Fighting       | |  0.9
Axes           | |  0.7
Dodging        | |  2.3
Stealth        | |  2.6
Shields        | |  0.1
Spellcasting   | |  2.2

Action                   |  1- 3 |  4- 6 || total
-------------------------+-------+-------++-------
Melee: Tentacles         |     4 |     6 ||    10
       Unarmed           |     1 |       ||     1
       Spear             |     8 |    25 ||    33
       Constrict         |     3 |    11 ||    14
       Dagger            |     2 |       ||     2
       War axe           |       |    21 ||    21
 Cast: Sting             |    32 |    12 ||    44
       Poisonous Vapours |     5 |    21 ||    26
       Sandblast         |     1 |       ||     1
       Mephitic Cloud    |       |     1 ||     1
  Use: Scroll            |     3 |     3 ||     6
       Potion            |       |     1 ||     1
Armor: Skin              |     1 |     2 ||     3
Dodge: Dodged            |    10 |    30 ||    40
Block: Buckler           |       |     3 ||     3
